 Dungeon Crawl Stone Soup version 0.24-a0-201-gf2055891f0 (webtiles) character file.

Game seed: 8887901204821960258

296 Roikka the Ogre Mage (level 6, -4/61 HPs)
             Began as an Ogre Wizard on Mar 24, 2019.
             Slain by an orc wizard
             ... wielding a +0 dagger
              (5 damage)
             ... on level 4 of the Dungeon.
             The game lasted 00:16:11 (4296 turns).

Roikka the Ogre Mage (Ogre Wizard)                  Turns: 4296, Time: 00:16:12

Health: -4/61      AC:  3    Str: 12    XL:     6   Next: 35%
Magic:  9/13       EV: 10    Int: 21    God:
Gold:   184        SH:  0    Dex:  7    Spells: 3/14 levels left

rFire    . . .     SeeInvis .   a - +0 trident
rCold    . . .     Gourm    .   (no shield)
rNeg     . . .     Faith    .   q - +0 robe
rPois    .         Spirit   .   o - +0 hat
rElec    .         Reflect  .   (no cloak)
rCorr    .         Harm     .   (gloves unavailable)
MR       .....                  (boots unavailable)
Stlth    +.........             (no amulet)
HPRegen  0.20/turn              (no ring)
MPRegen  0.13/turn              (no ring)

@: confused
A: large, unfitting armour, tough skin 1
a: no special abilities


You were on level 4 of the Dungeon.
You were hungry.

You visited 1 branch of the dungeon, and saw 4 of its levels.

You collected 184 gold pieces.

Inventory:

Hand Weapons
 a - a +0 trident (weapon)
 b - a +0 blowgun
Missiles
 p - 6 curare-tipped needles
Armour
 o - a +0 hat (worn)
 q - a +0 robe (worn)
Scrolls
 c - a scroll of identify {unknown}
 g - a scroll of amnesia {unknown}
 h - a scroll of remove curse {unknown}
 l - a scroll of teleportation {unknown}
 m - a scroll of blinking {unknown}
Potions
 f - 2 potions of curing {unknown}
 i - 2 potions of brilliance {unknown}
 j - a potion of might {unknown}
 k - a potion of magic {unknown}
Comestibles
 d - 7 rations


   Skills:
 + Level 3.5 Fighting
 - Level 1.7 Dodging
 - Level 1.4 Stealth
 + Level 4.7 Spellcasting
 * Level 3.3 Conjurations
 + Level 2.5 Summonings
 - Level 0.8 Translocations


You had 3 spell levels left.
You knew the following spells:

 Your Spells              Type           Power        Failure   Level  Hunger
a - Magic Dart            Conj           ###.         2%          1    None
b - Call Imp              Summ           ###.....     6%          2    None
c - Blink                 Tloc           N/A          12%         2    None
d - Conjure Flame         Conj/Fire      ##......     17%         3    ##.....
e - Mephitic Cloud        Conj/Pois/Air  #.......     22%         3    ##.....

Your spell library contained the following spells:

 Spells                   Type           Power        Failure   Level  Hunger
 Slow                     Hex            #.......     17%         2    None


Dungeon Overview and Level Annotations

Branches:
Dungeon (4/15)
 Temple: D:4-7

Altars:

Annotations:
D:4 Ijyb


Innate Abilities, Weirdness & Mutations

You are too large for most types of armour.
You have tough skin. (AC +1)


Message History

A puff of flame appears from out of thin air!
The puff of flame hits you!
* * * LOW HITPOINT WARNING * * *
The orc barely misses you.
You hit the orc but do no damage.
Your white imp misses something.
Something hits you but does no damage.
Your white imp barely misses something.
The orc barely misses you.
Your white imp gestures at the orc.
The puff of frost hits the orc.
The orc wizard hits you but does no damage.
Your white imp hits the orc.
Your white imp freezes the orc.
The orc dies!
You hear some strange, mumbled words.
You are confused.
The orc wizard casts a spell at you. The magic dart hits you!
* * * LOW HITPOINT WARNING * * *
An ogre comes into view. It is wielding a +0 giant club.
The orc wizard hits you with a +0 dagger.
You die...

.......##.####...####
........).##....##.##
.........[....##...#
.................#.##
......##......#.....#
.......###g...#....##
.........###O).....#
..........#5.......#
.......@..g....##.##
........o........##
.........a.......#
........#.##.....##
........####......#
.................####
.......##.................#..#
........#....................##
............8.8...............##


You could see Ijyb, a worker ant, an orc wizard and a friendly white imp.

Vanquished Creatures
  2 orc priests (D:3)
  2 orc wizards (D:3)
  6 adders
  2 gnolls (D:2)
  An ooze (D:2)
  An adder skeleton (D:4)
  A worm (D:3)
  3 leopard geckos
  10 orcs
  A ball python (D:3)
  5 giant cockroaches
  4 goblins
  6 hobgoblins
  2 jackals (D:2)
  9 kobolds
  A quokka (D:2)
  6 bats
  4 frilled lizards
  6 rats
72 creatures vanquished.

Vanquished Creatures (collateral kills)
  A gnoll (D:1)
  2 worms
  5 orcs
8 creatures vanquished.

Grand Total: 80 creatures vanquished

Notes
Turn   | Place    | Note
-------+----------+-------------------------------------------
     0 | D:1      | Roikka the Ogre Wizard began the quest for the Orb.
     0 | D:1      | Reached XP level 1. HP: 16/16 MP: 5/5
    79 | D:1      | Reached skill level 1 in Conjurations
   173 | D:1      | Reached skill level 1 in Fighting
   173 | D:1      | Reached XP level 2. HP: 16/27 MP: 0/6
   227 | D:1      | Learned a level 2 spell: Call Imp
   299 | D:1      | Reached skill level 1 in Summonings
  1121 | D:1      | Reached skill level 4 in Spellcasting
  1121 | D:1      | Reached XP level 3. HP: 12/33 MP: 1/8
  1721 | D:2      | Reached XP level 4. HP: 39/42 MP: 6/10
  1813 | D:2      | Learned a level 2 spell: Blink
  1817 | D:2      | Learned a level 3 spell: Conjure Flame
  1821 | D:2      | Learned a level 3 spell: Mephitic Cloud
  2431 | D:3      | Reached XP level 5. HP: 32/50 MP: 2/11
  3542 | D:3      | Reached XP level 6. HP: 61/61 MP: 7/12
  4257 | D:4      | Noticed Ijyb
  4294 | D:4      | HP: 1/61 [orc wizard/magic dart (8)]
  4296 | D:4      | Slain by an orc wizard

Levels and vault maps discovered:
D:1:      minmay_arrival_wavy_path, layout_loops_ring
D:2:      minmay_angry_zag, layout_loops_corners
D:3:      layout_basic
D:4:      layout_cave_pools, serial_column_ruins, column_ruins_columns_corner,
          column_ruins_open_small_water, column_ruins_corridor_T,
          column_ruins_grid_1, first_ration, uniq_ijyb, uniq_pikel

Skill      XL: |  1  2  3  4  5 |
---------------+----------------+-----
Conjurations   | 1 2 3 |  3.3
Fighting       | 1 2 3 |  3.5
Summonings     | 1 2 |  2.5
Spellcasting   | 4 |  4.7
Dodging        | |  1.7
Stealth        | |  1.4
Translocations | |  0.8

Action                   |  1- 3 |  4- 6 || total
-------------------------+-------+-------++-------
Melee: Unarmed           |     9 |       ||     9
       Club              |    28 |    36 ||    64
       War axe           |       |    10 ||    10
       Trident           |       |    30 ||    30
 Cast: Magic Dart        |    57 |   124 ||   181
       Call Imp          |     5 |     8 ||    13
       Mephitic Cloud    |       |     1 ||     1
       Blink             |       |     1 ||     1
  Eat: Chunk             |     2 |     8 ||    10
Armor: Robe              |    11 |    18 ||    29
Dodge: Dodged            |    37 |    60 ||    97

Table legend:
 A = Non-vault XP
 B = Vault XP
 C = Vault XP percentage of total XP
 D = Non-vault monster count
 E = Vault monster count
 F = Vault count percentage of total count
                 A         B        C        D         E       F
            +---------+---------+-------+---------+---------+-------
      Total |     410 |      14 |   3.3 |      75 |       5 |   6.2
            +---------+---------+-------+---------+---------+-------
        D:1 |      26 |       0 |   0.0 |      12 |       0 |   0.0
        D:2 |      86 |      14 |  14.0 |      21 |       5 |  19.2
        D:3 |     268 |       0 |   0.0 |      35 |       0 |   0.0
        D:4 |      30 |       0 |   0.0 |       7 |       0 |   0.0
            +---------+---------+-------+---------+---------+-------
